 Dungeon Crawl Stone Soup version 0.30-b1-2-g02819fbbbe (webtiles) character file.

Game seed: 12252359089787636968

37 Alarkh the Sneak (level 3, 29/29 HPs)
             Began as a Demonspawn Delver on May 22, 2023.
             Got out of the dungeon alive.
             The game lasted 00:01:44 (1266 turns).

Alarkh the Sneak (Demonspawn Delver)                Turns: 1266, Time: 00:01:45

Health: 29/29      AC:  3    Str: 12    XL:     3   Next: 21%
Magic:  3/3        EV: 11    Int: 13    God:
Gold:   116        SH:  0    Dex: 14    Spells: 2/2 levels left

rFire   . .          .
                       - Unarmed
rCold   . . .        (no shield)
rNeg    . . .        a - +0 leather armour
rPois   .            (no helmet)
rElec   .            (no cloak)
rCorr   .            (no gloves)
SInv    +            (no boots)
Will    .....        (no amulet)
Stlth   ++           l - ring of see invisible
HPRegen 0.24/turn    (no ring)
MPRegen 0.08/turn

%: no passive effects
@: no status effects
A: foul stench 1, demonic magic 1
a: no special abilities


You escaped.
You visited 1 branch of the dungeon, and saw 5 of its levels.

You collected 116 gold pieces.

Inventory:

Missiles
 g - 27 stones (quivered)
Armour
 a - a +0 leather armour (worn)
Magical Staves
 m - a staff of cold
Jewellery
 l - a ring of see invisible (left hand)
Wands
 f - a wand of digging (3)
Scrolls
 b - a scroll of fog
 c - a scroll of magic mapping
 h - 2 scrolls of identify {unknown}
 k - 4 scrolls of enchant armour {unknown}
Potions
 d - a potion of attraction {unknown}
 e - a potion of haste
 i - a potion of berserk rage {unknown}
 j - a potion of might {unknown}


   Skills:
 - Level 3.0 Fighting
 - Level 1.7 Dodging
 - Level 4.5 Stealth
 + Level 3.3 Unarmed Combat


You had 2 spell levels left.
You didn't know any spells.
Your spell library was empty.

Dungeon Overview and Level Annotations

Branches:
Dungeon (5/15)
 Temple: D:4-7

Altars:
Okawaru

Shops:
D:3 =


Innate Abilities, Weirdness & Mutations

You may rarely emit foul miasma when damaged in melee.
Spells you cast may paralyse adjacent enemies.


Message History

The jackal bites you but does no damage.
You hit the jackal but do no damage.
The jackal is almost dead.
The jackal bites you.
You emit a cloud of foul miasma!
The jackal is engulfed in dark miasma.
The jackal is poisoned.
The jackal seems to slow down.
You kill the jackal!
The jackal barely misses you. The jackal bites you.
You emit a cloud of foul miasma!
You see here a jackal corpse.
You hit the jackal.
The jackal is almost dead.
The jackal is engulfed in dark miasma.
The jackal is poisoned.
The jackal seems to slow down.
You kill the jackal!
The jackal bites you.
You see here a jackal corpse.
You closely miss the jackal. The jackal bites you.
You closely miss the jackal. Your punch misses the jackal.
The jackal barely misses you. The jackal bites you.
You emit a cloud of foul miasma!
You hit the jackal.
You kill the jackal!
No target in view!
No target in view!
No target in view!
No target in view!
No target in view!
No target in view!
No target in view!
No target in view!
No target in view!
No target in view!
No target in view!
No target in view!
You see here a jackal corpse.
You see here a +3 dagger.
There is a staircase leading out of the dungeon here.
Are you sure you want to leave the Dungeon?
This will make you lose the game!
You have escaped!

#.#.###.###...#####.# #.#
#.# #.#.# #.# #...# #.#
#.# #.# #.#.###.# #...#
#.# #.# #^#
#..#.##.####### #.####.#
#.####
#.###......########......#
#.....
##.#.##.#...........######
######
###........########.# # #
#####.##.# #♣♣♣♣♣♣♣♣♣♣ # #
#.##.# ♣@.#♣.....♣♣ #
#.##.# ♣..........♣♣#####
#.##.# #♣...♣.♣....♣.....
#.##.# ♣.....⌠.....♣#####
#.##.# ♣....♣.♣....♣
#.##.# ♣♣.........♣♣##
#.##.# ♣♣.......♣♣..#
#.##.# ♣♣♣...♣♣♣##.#
#.##.# #...# #.#


There were no monsters in sight!

Vanquished Creatures
  A dart slug (D:1)
  3 ball pythons
  2 endoplasms
  4 goblins (D:1)
  4 hobgoblins
  3 jackals (D:1)
  2 quokkas (D:1)
  3 bats (D:1)
  3 frilled lizards (D:1)
  3 kobolds (D:1)
  3 rats
31 creatures vanquished.

Notes
Turn   | Place    | Note
-------+----------+-------------------------------------------
     0 | D:5      | Alarkh the Demonspawn Delver began the quest for the Orb.
     0 | D:5      | Reached XP level 1. HP: 18/18 MP: 1/1
    38 | D:5      | Noticed a hound
    44 | D:5      | Noticed a hound
    61 | D:5      | Noticed an orc wizard
    61 | D:5      | Noticed an orc priest
   102 | D:4      | Found an iron altar of Okawaru.
   133 | D:3      | Found Seve's Jewellery Shoppe.
   452 | D:1      | Gained mutation: You may rarely emit foul miasma when
                  | damaged in melee. [demonic ancestry]
   452 | D:1      | Reached XP level 2. HP: 24/24 MP: 2/2
   715 | D:1      | Found a faded altar of an unknown god.
   899 | D:1      | Gained mutation: Spells you cast may paralyse adjacent
                  | enemies. [demonic ancestry]
   899 | D:1      | Reached XP level 3. HP: 29/29 MP: 3/3
  1266 | D:$      | Got out of the dungeon alive.

Illustrated notes

Levels and vault maps discovered:
D:1:      amcnicky_arrival_underground_garden, layout_loops_ring,
          ebering_ecumenical_altar_mist
D:2:      layout_basic, serial_shops, shop, shop, basic_altar,
          minmay_misc_feat_hallway, kennysheep_generic_room_2
D:3:      layout_loops_corners, serial_shops, nicolae_shop_waterfront,
          chequers_serial_rivers_large_b
D:4:      layout_cave_pools, minitemple, nicolae_tso_carved_into_rock,
          mainiacjoe_overflow_swirl, uniq_sigmund
D:5:      layout_cave_pools, gammafunk_ghost_smash, uniq_ijyb,
          uniq_blork_the_orc

Skill      XL: |  1  2 |
---------------+-------+-----
Unarmed Combat | 2 3 |  3.3
Fighting       | |  3.0
Dodging        | |  1.7
Stealth        | |  4.5

Action                     || total
---------------------------++-------
  Melee: Unarmed           ||   109
         Punch             ||     4
    Use: Scroll            ||     1
   Stab: Sleeping          ||     5
 Armour: Leather armour    ||    25
  Dodge: Dodged            ||    66
